 Dungeon Crawl Stone Soup version 0.30-a0-778-g2ef04afb54 (webtiles) character file.

Game seed: 5412288481110219120

5 Esekla the Sneak (level 1, -3/16 HPs)
             Began as an Octopode Delver on Feb 16, 2023.
             Slain by an ufetubus (5 damage)
             ... on level 5 of the Dungeon.
             The game lasted 00:00:40 (58 turns).

Esekla the Sneak (Octopode Delver)                    Turns: 58, Time: 00:00:41

Health: -3/16      AC:  1    Str: 11    XL:     1   Next: 80%
Magic:  1/1        EV: 13    Int: 12    God:
Gold:   0          SH:  0    Dex: 13    Spells: 0/0 levels left

rFire   . . .      SeeInvis .    a - +0 falchion
rCold   . . .      Faith    .    (no shield)
rNeg    . . .      Spirit   .    (helmet restricted)
rPois   .          Reflect  .    (no amulet)
rElec   .          Harm     .    (no ring)
rCorr   .          Rampage  .    (no ring)
Will    .....                    (no ring)
Stlth   ++++                     (no ring)
HPRegen 0.22/turn                (no ring)
MPRegen 0.07/turn                (no ring)
                                 (no ring)
                                 (no ring)

@: no status effects
A: almost no armour, amphibious, 8 rings, camouflage 1, gelatinous body 1,
(nimble swimmer 1), tentacles
a: no special abilities


You were on level 5 of the Dungeon.
You visited 1 branch of the dungeon, and saw 1 of its levels.

Inventory:

Hand Weapons
 a - a +0 falchion (weapon)
Wands
 f - a wand of digging (3)
Scrolls
 b - a scroll of fog
 d - a scroll of fear
Potions
 c - a potion of might {unknown}
 e - a potion of haste


   Skills:
 * Level 3.0 Fighting
 * Level 2.0 Long Blades
 * Level 2.0 Dodging
 + Level 6.8 Stealth
 * Level 0.1 Spellcasting


You couldn't memorise any spells.
You didn't know any spells.
Your spell library was empty.

Dungeon Overview and Level Annotations

Branches:
Dungeon (5/15)             Temple (0/1) D:5

Altars:


Innate Abilities, Weirdness & Mutations

You cannot wear most types of armour.
You are amphibious.
You can wear up to eight rings at the same time.
Your skin changes colour to match your surroundings (Stealth+).
Your rubbery body absorbs attacks. (AC +1, EV +1)
((You are camouflaged when in or above water. (Stealth+)))
You have tentacles for arms and can constrict up to eight enemies at once.


Message History

There is an open door here.
The ufetubus shouts!
You hear a shout!
There is an open door here.
The ufetubus hits you. x2
You hit the ufetubus. Your grab misses the ufetubus.
The ufetubus is heavily wounded.
The ufetubus hits you but does no damage.
The ufetubus completely misses you.
You miss the ufetubus. You grab the ufetubus.
The ufetubus is heavily wounded.
You constrict the ufetubus. The ufetubus barely misses you. x2
The ufetubus misses you. The ufetubus hits you.
You hit the ufetubus.
You kill the ufetubus!
You start resting.
An ufetubus comes into view.
An orc comes into view. It is wielding a +0 mace.
An iguana comes into view.
Found 13 gold pieces.
The iguana hisses angrily.
Found a manual of Axes.
You see here an emerald potion.
c - an emerald potion The ufetubus shouts!
You hear a shout!
A yak comes into view.
You closely miss the ufetubus. Your grab misses the ufetubus.
Your squeeze misses the ufetubus. The ufetubus hits you.
The ufetubus closely misses you.
A gnoll comes into view. It is wielding a +0 spear.
The ufetubus closely misses you. x2
You miss the ufetubus. Your grab misses the ufetubus. The ufetubus hits you.
The ufetubus barely misses you. The ufetubus hits you. x2
You hit the ufetubus but do no damage. Your grab misses the ufetubus.
The ufetubus closely misses you. The ufetubus hits you.
* * * LOW HITPOINT WARNING * * *
The ufetubus closely misses you. The ufetubus barely misses you.
You hit the ufetubus. You grab the ufetubus. You squeeze the ufetubus.
The ufetubus is severely wounded.
You constrict the ufetubus. The ufetubus misses you. The ufetubus hits you.
You die...

,,**
*.........#.###
,** *.........#.#
** ***.........#.#
* *,,........##.#
****,,........##.#
*,,,,,.........#.#
*,****########..l#
*********
*,*****:######.#5#
*,,,,,,,,
*,,,,,,Y.....l.#@#
**,,,,,,,,
**,,,,,$....####.#
*,,,,,,,,,
******####** #.#
*,******** #.#
*,*,,,,,,, #.#
*,*,*****, #.#
*,*,,,,,*, #^#
*,*,***,*, #.#
*,*<,,*,*, *,*
*,***,*,*,


You could see an iguana and an ufetubus.

Vanquished Creatures
  An ufetubus (D:5)
1 creature vanquished.

Notes
Turn   | Place    | Note
-------+----------+-------------------------------------------
     0 | D:5      | Esekla the Octopode Delver began the quest for the Orb.
     0 | D:5      | Reached XP level 1. HP: 16/16 MP: 1/1
    48 | D:5      | Noticed an iguana
    51 | D:5      | Noticed a yak
    58 | D:5      | Slain by an ufetubus

Illustrated notes

Levels and vault maps discovered:
D:5:      layout_basic, minmay_temple_entry_tees, minmay_manual_monolith,
          uniq_edmund

Action                     || total
---------------------------++-------
  Melee: Falchion          ||     7
         Constrict         ||     2
         Tentacles         ||     1
    Use: Scroll            ||     1
 Armour: Skin              ||     1
  Dodge: Dodged            ||    12

Table legend: (Time is in decaauts)
 A = Elapsed time spent in this place.
 B = Non-inter-level travel time spent in this place.
 C = Inter-level travel time spent in this place.
 D = Time resting spent in this place.
 E = Time spent auto-exploring this place.
 F = Levels seen in this place.
 G = Mean time per level.
                   A        B        C        D        E       F      G
               +--------+--------+--------+--------+--------+-----+--------+
         Total |     59 |     59 |      0 |     24 |      0 |   1 |   59.0 |
       Dungeon |     59 |     59 |      0 |     24 |      0 |   1 |   59.0 |
               +--------+--------+--------+--------+--------+-----+--------+

Top non-repeatable levels by time:
     D:5: 59 daAuts
